 Dungeon Crawl Stone Soup version 0.25-a0-424-g80bd347ae0 (webtiles) character file.

Game seed: 8363318877482348436, levelgen mode: deterministic

11963 zorance the Fighter (level 11, -7/119 HPs)
             Began as an Ogre Venom Mage on Jan 21, 2020.
             Was a Believer of Ashenzari.
             Mangled by a hornet (9 damage)
             ... while paralysed by a hornet
             ... on level 11 of the Dungeon.
             The game lasted 01:05:41 (17724 turns).

zorance the Fighter (Ogre Venom Mage)              Turns: 17724, Time: 01:05:41

Health: -7/119     AC:  6    Str: 14    XL:     11   Next: 85%
Magic:  12/23      EV:  1    Int: 19    God:    Ashenzari [**....]
Gold:   296        SH:  0    Dex:  9    Spells: 6/26 levels left

rFire    . . .     SeeInvis .   E - +2 whip (elec) (curse)
rCold    . . .     Gourm    .   (no shield)
rNeg     . . .     Faith    .   F - +2 robe {Archmagi} (curse)
rPois    .         Spirit   .   (helmet restricted)
rElec    .         Reflect  .   n - +0 cloak
rCorr    .         Harm     .   (gloves unavailable)
MR       +....                  (boots unavailable)
Stlth    +.........             (no amulet)
HPRegen  0.29/turn              O - +4 ring of evasion
MPRegen  0.18/turn              b - ring of wizardry

@: paralysed, lethally poisoned (-7 -> -24), confusing touch, slowed
A: large, unfitting armour, tough skin 1
a: Curse Item, Scrying, Renounce Religion


You were on level 11 of the Dungeon.
You worshipped Ashenzari.
Ashenzari was pleased with you.
You were not hungry.

You visited 2 branches of the dungeon, and saw 13 of its levels.

You collected 296 gold pieces.

Inventory:

Hand Weapons
 w - a +0 giant spiked club
 E - a cursed +2 whip of electrocution (weapon)
Missiles
 t - 21 poisoned darts
 y - 6 large rocks (quivered)
Armour
 n - a +0 cloak (worn)
 F - a cursed +2 robe of the Archmagi (worn)
 G - a +2 robe of fire resistance
Jewellery
 b - a ring of wizardry (right hand)
 p - a +3 ring of strength
 r - an uncursed ring of protection from cold
 I - an uncursed ring of positive energy
 O - a +4 ring of evasion (left hand)
Wands
 s - a wand of paralysis (5)
 D - a wand of clouds (5)
 H - a wand of flame (26)
 N - a wand of iceblast (12)
Scrolls
 a - a scroll of fog {unknown}
 d - 3 scrolls of immolation
 g - 7 scrolls of identify
 j - a scroll of fear {unknown}
 l - a scroll of random uselessness {unknown}
 m - a scroll of teleportation
 q - a scroll of blinking
 u - a scroll of amnesia
 z - 5 scrolls of remove curse
 A - a scroll of enchant armour {unknown}
 B - a scroll of enchant weapon {unknown}
 K - a scroll of magic mapping
Potions
 c - 3 potions of ambrosia
 f - a potion of degeneration {unknown}
 h - a potion of invisibility
 i - 3 potions of berserk rage
 k - 5 potions of flight
 o - 2 potions of cancellation
 v - 2 potions of magic
 C - 4 potions of curing
 J - a potion of agility
 L - a potion of haste
 M - 3 potions of might
Comestibles
 e - 13 rations


   Skills:
 + Level 10.6 Fighting
 - Level 9.8(12.0) Maces & Flails
 + Level 2.9 Dodging
 - Level 1.4 Stealth
 - Level 8.0 Spellcasting
 - Level 0.3 Conjurations
 - Level 3.0 Hexes
 + Level 4.7 Summonings
 - Level 2.0 Transmutations
 - Level 2.1 Air Magic
 - Level 7.3 Poison Magic


You had 6 spell levels left.
You knew the following spells:

 Your Spells              Type           Power        Failure   Level  Hunger
a - Confusing Touch       Hex            ####....     3%          3    None
b - Poisonous Vapours     Pois/Air       #####.       1%          2    None
c - Mephitic Cloud        Conj/Pois/Air  ####....     2%          3    None
e - Call Imp              Summ           #####...     1%          2    None
f - Call Canine Familiar  Summ           #####...     1%          3    None
g - Ignite Poison         Fire/Tmut/Pois ####....     3%          3    None
h - Olgreb's Toxic Radia  Pois           ######..     1%          4    ###....

Your spell library contained the following spells:

 Spells                   Type           Power        Failure   Level  Hunger
 Corona                   Hex            ####...      1%          1    None
 Sting                    Tmut/Pois      ####         1%          1    None
 Summon Small Mammal      Summ           ####         1%          1    None
 Summon Guardian Golem    Hex/Summ       ####....     2%          3    None
 Freeze                   Ice            ##..         3%          1    None
 Sandblast                Erth           ##....       3%          1    None
 Ensorcelled Hibernation  Hex/Ice        ###...       3%          2    None
 Passwall                 Tmut/Erth      ###.....     3%          2    None
 Tukima's Dance           Hex            ####....     3%          3    None
 Dazzling Flash           Conj/Hex       ###...       6%          3    None
 Summon Lightning Spire   Summ/Air       ####....     9%          4    ###....
 Ozocubu's Armour         Chrm/Ice       ##......     11%         3    None
 Stone Arrow              Conj/Erth      ##....       11%         3    None
 Summon Ice Beast         Ice/Summ       ###.....     14%         4    ###....
 Petrify                  Tmut/Erth      ###.....     24%         4    ###....
 Hailstorm                Conj/Ice       ##......     32%         4    ###....
 Bolt of Magma            Conj/Fire/Erth ##........   65%         5    #####..
 Iskenderun's Battlesphe  Conj/Chrm      ##......     65%         5    #####..
 Lee's Rapid Deconstruct  Erth           ##........   65%         5    #####..
 Iron Shot                Conj/Erth      ##........   99%         6    ######.
 Orb of Destruction       Conj           ##........   100%        7    #######
 Spellforged Servitor     Conj/Summ      ####......   100%        7    #######


Dungeon Overview and Level Annotations

Branches:
Dungeon (12/15)            Temple (1/1) D:5            Lair (0/6) D:8
    Orc (0/2) D:10

Altars:
Ashenzari
Cheibriados
Dithmenos
Elyvilon
Fedhas
Gozag
Hepliaklqana
Kikubaaqudgha
Makhleb
Nemelex Xobeh
Okawaru
Qazlal
Ru
Sif Muna
Trog
Uskayaw
Vehumet
Wu Jian
Xom
Yredelemnul
Zin
The Shining One

Shops:
D:7 }

Annotations:
D:6 exclusion: downstairs
D:9 exclusion: cyclops
D:10 3 runed translucent doors, exclusion: 3 doors, Idelin's ghost, novice CeHu
D:11 Maurice
D:12 Nessos


Innate Abilities, Weirdness & Mutations

You are too large for most types of armour.
You have tough skin. (AC +1)


Message History

Casting: Confusing Touch (safe; 3% risk of failure)
Confirm with . or Enter, or press ? or * to list all spells.
You feel a surge of power!
Your hands begin to glow brighter.
You feel yourself speed up. The hornet stings you.
* * * LOW HITPOINT WARNING * * *
You are lethally poisoned!
You feel yourself slow down.
Your hound bites the slime creature.
The hornet barely misses you.
Your hound bites the slime creature but does no damage.
You feel better. The hornet stings you!
* * * LOW HITPOINT WARNING * * *
You are lethally poisoned!
You feel as though you will be slow longer.
Your hound bites the slime creature.
The hornet stings you.
* * * LOW HITPOINT WARNING * * *
You are more poisoned.
You suddenly lose the ability to move!
Your hound bites the slime creature.
The hornet stings you!
You die...

#................#.#'#'#.#
#........#######.#.#.#.#.#
#### #........#
#.#.#.#.#.# #...
#........# #.#.#...#.#
#.## ##########
#.#.#####.# #.##
#.#.......# #...
#>######### ###.
######.h..# #. #...@yJ.#.#
## #.#####.#.# #.# #.#.#
#.# #.#†# #.# #.#†# #.#
#.#.# #.#####.#.#
#.....)...# #######.###


You could see a slime creature, a hornet and a friendly hound.

Vanquished Creatures
  Fannar (D:11)
  2 two-headed ogres
  Pikel (D:5)
  Joseph (D:7)
  A komodo dragon (D:8)
  A troll (D:10)
  A hornet (D:7)
  4 slime creatures (D:11)
  2 wraiths
  A vampire (D:10)
  7 yaks (D:10)
  3 hungry ghosts
  4 vampire mosquitoes (D:11)
  Duvessa (D:7)
  2 orc warriors
  A slave (D:5)
  2 black bears
  4 sky beasts
  An eye of draining (D:11)
  4 ogres
  3 necrophages
  7 centaurs
  A crocodile (D:7)
  Blork the orc (D:5)
  5 bullfrogs
  2 big kobolds (D:11)
  Dowan (D:7)
  A gnoll sergeant (D:7)
  2 scorpions
  9 killer bees
  7 wights
  A howler monkey (D:4)
  5 crimson imps
  3 hounds
  A bullfrog zombie (D:9)
  2 bullfrog skeletons
  2 orc priests (D:8)
  A centaur skeleton (D:11)
  7 jellies
  12 orc wizards
  Jessica (D:2)
  Natasha (thrice) (D:4)
  Terence (D:2)
  8 worker ants
  A killer bee zombie (D:8)
  A hound zombie (D:4)
  2 hound skeletons
  3 gnolls (D:7)
  17 adders
  A shadow imp (D:9)
  2 oozes (D:1)
  3 adder skeletons
  A dart slug (D:1)
  4 leopard geckos
  37 orcs
  A ball python (D:2)
  5 bats
  7 giant cockroaches
  10 goblins
  9 hobgoblins
  12 jackals
  2 quokkas
  4 frilled lizards
  A jackal skeleton (D:4)
  17 kobolds
  4 rats
  A plant (D:8)
275 creatures vanquished.

Vanquished Creatures (collateral kills)
  2 slime creatures (D:11)
  2 phantoms
  2 centaurs
  A wight (D:7)
  A centaur skeleton (D:6)
  Crazy Yiuf (D:7)
  A hound skeleton (D:5)
  An adder (D:9)
  A shadow imp (D:6)
  An adder skeleton (D:4)
  An orc (D:9)
  A giant cockroach zombie (D:5)
15 creatures vanquished.

Vanquished Creatures (others)
  A plant (D:8)
1 creature vanquished.

Grand Total: 291 creatures vanquished

Notes
Turn   | Place    | Note
-------+----------+-------------------------------------------
     0 | D:1      | zorance the Ogre Venom Mage began the quest for the Orb.
     0 | D:1      | Reached XP level 1. HP: 16/16 MP: 3/3
    49 | D:1      | Reached skill level 1 in Transmutations
   193 | D:1      | Reached XP level 2. HP: 20/24 MP: 1/5
   210 | D:1      | Learned a level 2 spell: Poisonous Vapours
   348 | D:1      | You fall into a shaft and drop 1 floor!
   808 | D:1      | Reached XP level 3. HP: 31/31 MP: 4/7
  2053 | D:2      | Noticed Jessica
  2055 | D:2      | Noticed Terence
  2058 | D:2      | Killed Jessica
  2058 | D:2      | Reached XP level 4. HP: 38/39 MP: 1/8
  2102 | D:2      | Killed Terence
  2396 | D:2      | Reached skill level 1 in Air Magic
  2396 | D:2      | Reached XP level 5. HP: 45/45 MP: 4/10
  2606 | D:2      | Learned a level 3 spell: Mephitic Cloud
  2896 | D:2      | Found a bloodstained altar of Trog.
  2955 | D:3      | Noticed an ogre
  2966 | D:3      | Killed an ogre
  2966 | D:3      | Reached XP level 6. HP: 53/53 MP: 5/11
  3739 | D:4      | Noticed a sky beast
  3759 | D:4      | Killed a sky beast
  3889 | D:4      | Reached skill level 5 in Poison Magic
  4100 | D:4      | Reached XP level 7. HP: 59/59 MP: 8/13
  4128 | D:4      | Noticed Natasha
  4136 | D:4      | Killed Natasha
  4301 | D:4      | Noticed Natasha
  4310 | D:4      | Killed Natasha
  4310 | D:4      | Reached skill level 5 in Spellcasting
  4552 | D:4      | Learned a level 2 spell: Call Imp
  4737 | D:4      | Noticed Natasha
  4741 | D:4      | Killed Natasha
  5002 | D:4      | Reached skill level 1 in Summonings
  5430 | D:4      | Found an ancient bone altar of Kikubaaqudgha.
  5626 | D:5      | Entered Level 5 of the Dungeon
  5760 | D:5      | Noticed Blork the orc
  5797 | D:5      | Killed Blork the orc
  6045 | D:5      | Reached XP level 8. HP: 61/67 MP: 8/16
  6189 | D:5      | Found a white marble altar of Elyvilon.
  6977 | D:5      | Noticed Pikel
  7005 | D:5      | Killed Pikel
  7128 | D:5      | Learned a level 3 spell: Call Canine Familiar
  7133 | D:5      | Learned a level 4 spell: Olgreb's Toxic Radiance
  7137 | D:5      | Learned a level 3 spell: Ignite Poison
  7141 | D:5      | Found a staircase to the Ecumenical Temple.
  7154 | Temple   | Entered the Ecumenical Temple
  7240 | Temple   | Became a worshipper of Ashenzari the Shackled
  7633 | D:6      | Reached skill level 1 in Fighting
  7633 | D:6      | Reached skill level 1 in Maces & Flails
  7688 | D:6      | Reached XP level 9. HP: 79/79 MP: 9/18
  7702 | D:6      | Reached skill level 2 in Fighting
  8004 | D:6      | Reached skill level 3 in Fighting
  8315 | D:7      | Noticed a hornet
  8320 | D:7      | Killed a hornet
  8415 | D:7      | Noticed Joseph
  8426 | D:7      | Killed Joseph
  8426 | D:7      | Reached skill level 4 in Fighting
  8531 | D:7      | Reached skill level 5 in Fighting
  8531 | D:7      | Reached skill level 5 in Maces & Flails
  8732 | D:7      | Reached * piety under Ashenzari
  8834 | D:7      | Found Kodet's Gadget Shop.
  9187 | D:7      | Reached skill level 6 in Fighting
  9395 | D:7      | Reached XP level 10. HP: 76/98 MP: 4/19
  9577 | D:7      | Found a runed translucent door.
  9578 | D:7      | Noticed Crazy Yiuf
  9760 | D:7      | Killed Crazy Yiuf
  9885 | D:7      | Noticed Duvessa
  9908 | D:7      | Killed Duvessa
  9917 | D:7      | Noticed Dowan
  9922 | D:7      | Killed Dowan
 10258 | D:7      | Found a snail-covered altar of Cheibriados.
 10335 | D:8      | Reached skill level 7 in Fighting
 10445 | D:8      | Found a shimmering altar of Xom.
 10853 | D:8      | Learned a level 3 spell: Confusing Touch
 10861 | D:8      | Found a staircase to the Lair.
 11230 | D:8      | Reached skill level 1 in Hexes
 11924 | D:9      | Reached skill level 8 in Fighting
 12013 | D:9      | Noticed a cyclops
 12174 | D:9      | Found a glowing silver altar of Zin.
 12177 | D:9      | Found a sacrificial altar of Ru.
 12180 | D:9      | Found a hazy altar of Hepliaklqana.
 12250 | D:9      | Reached ** piety under Ashenzari
 13441 | D:10     | Entered Level 10 of the Dungeon
 13453 | D:10     | Reached XP level 11. HP: 74/113 MP: 9/21
 13993 | D:10     | Reached skill level 9 in Fighting
 14455 | D:10     | Found a runed translucent gate.
 14455 | D:10     | Found a runed translucent gate.
 14455 | D:10     | Found a runed translucent gate.
 14456 | D:10     | Noticed Idelin's ghost (novice CeHu)
 14457 | D:10     | Noticed a fire dragon
 14457 | D:10     | Noticed a cyclops
 14566 | D:10     | Found a staircase to the Orcish Mines.
 14705 | D:10     | Noticed a two-headed ogre
 14728 | D:10     | Killed a two-headed ogre
 14973 | D:10     | Identified the cursed +1 chain mail of the Turtledove
                  | {*Corrode rF+ rN+ SInv}
 15617 | D:11     | Noticed Fannar
 15642 | D:11     | Noticed Maurice
 15644 | D:11     | Killed Fannar
 15691 | D:11     | Reached skill level 10 in Fighting
 16159 | D:11     | Noticed a two-headed ogre
 16203 | D:11     | Killed a two-headed ogre
 16907 | D:12     | Found a gate leading to a gauntlet.
 16911 | D:12     | Noticed Nessos
 17724 | D:11     | HP: 2/119 [hornet (4)]
 17724 | D:11     | Paralysed by a hornet for 1 turns
 17724 | D:11     | Mangled by a hornet

Levels and vault maps discovered:
D:1:      enne_arrival_octagon_isle, layout_rooms
D:2:      layout_loops_ring, lightli_temple_of_fire, uniq_terence, uniq_jessica
D:3:      layout_basic
D:4:      layout_basic, kennysheep_mini, first_ration, uniq_natasha
D:5:      layout_gridville, old_standard_altar, minmay_temple_entry_junction,
          uniq_blork_the_orc, uniq_pikel
D:6:      layout_rooms
D:7:      layout_loops_corners, lemuel_coloured_pillars_altar, serial_shops,
          kennysheep_mini_moat, uniq_duvessa, uniq_joseph,
          uniq_crazy_yiuf_cottage
D:8:      layout_loops_ring, lemuel_doored_altar, david_lair_shrubbed
D:9:      layout_stronghold, grunt_temple_overflow_diamond, serial_column_ruins,
          column_ruins_columns_straight, column_ruins_columns_corner,
          column_ruins_open_tiny, column_ruins_open_small,
          column_ruins_corridor_straight
D:10:     minmay_spotlight, layout_cave_pools, orc_0_dummy,
          gammafunk_ghost_split
D:11:     layout_basic, uniq_maurice, uniq_fannar
D:12:     layout_long_grid, gauntlet_entry_generic, uniq_jorgrun, uniq_maggie,
          uniq_azrael, uniq_nessos
Temple:   nicolae_temple_great_sept

Skill      XL: |  1  2  3  4  5  6  7  8  9 10 11 |
---------------+----------------------------------+-----
Transmutations | 1 2 |  2.0
Poison Magic   | 3 4 5 6 7 |  7.3
Spellcasting   | 3 4 5 6 8 |  8.0
Air Magic      | 1 2 |  2.1
Summonings     | 1 4 |  4.7
Fighting       | 1 6 8 10 | 10.6
Maces & Flails | 1 6 8 9 |  9.8
Hexes          | 2 3 |  3.0
Dodging        | 2 |  2.9
Stealth        | |  1.4
Conjurations   | |  0.3

Action                   |  1- 3 |  4- 6 |  7- 9 | 10-12 || total
-------------------------+-------+-------+-------+-------++-------
Melee: Unarmed           |     9 |       |       |       ||     9
       Club              |     7 |       |       |       ||     7
       Whip              |     2 |       |    84 |   259 ||   345
       Rapier            |       |       |    48 |       ||    48
       Battleaxe         |       |       |     9 |       ||     9
 Fire: Hunting sling     |     1 |     2 |       |       ||     3
 Cast: Sting             |    20 |       |     1 |       ||    21
       Poisonous Vapours |    29 |    49 |    97 |   141 ||   316
       Call Imp          |       |       |    31 |     2 ||    33
       Call Canine Famil |       |       |     7 |    21 ||    28
       Ignite Poison     |       |       |     9 |    10 ||    19
       Mephitic Cloud    |       |       |     8 |    13 ||    21
       Olgreb's Toxic Ra |       |       |     1 |     9 ||    10
       Confusing Touch   |       |       |       |    11 ||    11
Invok: Curse Item        |       |       |     2 |       ||     2
  Use: Scroll            |       |     9 |     1 |     9 ||    19
       Potion            |       |       |       |     5 ||     5
 Stab: Sleeping          |     1 |       |       |       ||     1
       Distracted        |       |       |     1 |       ||     1
       Confused          |       |       |       |     3 ||     3
       Invisible         |       |       |       |     1 ||     1
  Eat: Chunk             |     5 |     7 |    15 |    16 ||    43
       Ration            |       |       |     1 |     4 ||     5
Armor: Robe              |    11 |     5 |    61 |    59 ||   136
Dodge: Dodged            |    21 |    10 |    80 |   141 ||   252

Table legend:
 A = Non-vault XP
 B = Vault XP
 C = Vault XP percentage of total XP
 D = Non-vault monster count
 E = Vault monster count
 F = Vault count percentage of total count
                 A         B        C        D         E       F
            +---------+---------+-------+---------+---------+-------
      Total |   12719 |    4372 |  25.6 |     271 |      17 |   5.9
            +---------+---------+-------+---------+---------+-------
        D:1 |      56 |       0 |   0.0 |      24 |       0 |   0.0
        D:2 |      89 |      69 |  43.7 |      22 |       2 |   8.3
        D:3 |     144 |       0 |   0.0 |       8 |       0 |   0.0
        D:4 |     642 |      36 |   5.3 |      22 |       1 |   4.3
        D:5 |     473 |     710 |  60.0 |      23 |       2 |   8.0
        D:6 |     630 |       0 |   0.0 |      16 |       0 |   0.0
        D:7 |    1558 |     724 |  31.7 |      29 |       4 |  12.1
        D:8 |    1626 |     361 |  18.2 |      32 |       1 |   3.0
        D:9 |    1105 |       0 |   0.0 |      27 |       0 |   0.0
       D:10 |    2568 |    1507 |  37.0 |      25 |       6 |  19.4
       D:11 |    3796 |     965 |  20.3 |      42 |       1 |   2.3
       D:12 |      32 |       0 |   0.0 |       1 |       0 |   0.0
            +---------+---------+-------+---------+---------+-------
